 Dungeon Crawl Stone Soup version 0.20-a0-331-g5b3579f (webtiles) character file.

572 dondy the Slasher (level 7, -7/52 HPs)
             Began as a Demonspawn Abyssal Knight on Dec 21, 2016.
             Was a Believer of Lugonu.
             Mangled by Sigmund
             ... wielding a +0 scythe
              (12 damage)
             ... on level 5 of the Dungeon.
             The game lasted 00:18:08 (5476 turns).

dondy the Slasher (Demonspawn Abyssal Knight)       Turns: 5476, Time: 00:18:08

Health: -7/52      AC:  4    Str: 15    XL:     7   Next: 12%
Magic:  11/11      EV: 11    Int: 22    God:    Lugonu [**....]
Gold:   318        SH:  3    Dex: 12    Spells: 6/6 levels left

rFire  . . .     SeeInvis .     a - +1 falchion
rCold  + . .     Gourm    .     D - +0 leather armour "Cegik" {-Cast rN+ Regen+ Int+4}
rNeg   + . .     Faith    .     l - +0 buckler
rPois  .         Spirit   .     q - +0 helmet
rElec  .         Reflect  .     (no cloak)
rCorr  .         Harm     .     (no gloves)
MR     .....     NoCast   +     (no boots)
Stlth  +.........               (no amulet)
                                (no ring)
                                x - ring of protection from cold

@: brilliant
A: foul stench 1, rot immunity, sturdy frame 2
a: Depart the Abyss, Bend Space, Renounce Religion


You were on level 5 of the Dungeon.
You worshipped Lugonu.
Lugonu was pleased with you.
You were not hungry.

You visited 1 branch of the dungeon, and saw 5 of its levels.
You visited the Abyss 1 time.

You collected 318 gold pieces.

Inventory:

Hand Weapons
 a - a +1 falchion (weapon)
Armour
 l - a +0 buckler (worn)
 q - a +0 helmet (worn)
 y - a +0 scale mail
 D - the +0 leather armour "Cegik" (worn) {-Cast rN+ Regen+ Int+4}
   (You found it on level 5 of the Dungeon)

   It affects your intelligence (+4).
   It protects you from negative energy.
   It prevents spellcasting.
   It increases your rate of regeneration.
Magical Staves
 v - an uncursed staff of earth {unknown}
Jewellery
 x - a ring of protection from cold (left hand)
Wands
 b - a wand of iceblast (0/15)
 F - a wand of iceblast (5/15)
Scrolls
 d - 3 scrolls of teleportation {unknown}
 f - 11 scrolls of remove curse {unknown}
 g - 2 scrolls of immolation {unknown}
 h - 7 scrolls of identify {unknown}
 i - 3 scrolls of recharging {unknown}
 n - a scroll of enchant armour {unknown}
 t - a scroll of fog {unknown}
 z - 2 scrolls of amnesia {unknown}
 E - a scroll of blinking {unknown}
Potions
 e - a potion of cancellation
 j - a potion of haste
 k - a potion of brilliance
 m - 2 potions of curing {unknown}
 o - a potion of heal wounds {unknown}
 p - a potion of magic {unknown}
 r - a potion of cure mutation {unknown}
 s - a potion of might {unknown}
 u - a potion of flight {unknown}
 w - a potion of ambrosia
Comestibles
 c - 4 bread rations
 A - a beef jerky
 B - 2 meat rations
 C - 8 chunks of flesh


   Skills:
 - Level 3.0 Fighting
 * Level 6.0 Long Blades
 - Level 1.8 Armour
 - Level 0.8 Dodging
 + Level 5.9 Invocations


You had 6 spell levels left.
You didn't know any spells.

Dungeon Overview and Level Annotations

Branches:
Dungeon (5/15)
 Temple: D:4-7

Altars:
Makhleb
Xom

Annotations:
D:5 Sigmund


Innate Abilities, Weirdness & Mutations

You may emit foul miasma when damaged in melee.
You are immune to rotting.
Your movements are less encumbered by armour. (ER -4)


Message History

You miss something. Something hits you.
You miss something. Something hits you but does no damage.
You closely miss something. Something hits you but does no damage.
You miss something. You hit something but do no damage.
You hear some strange, mumbled words.
A magic dart appears from out of thin air!
The magic dart hits you!
* * * LOW HITPOINT WARNING * * *
Evoke which item? (* to show all) (? for menu, Esc to quit)
Zapping:
b - a wand of iceblast (?/15) {zapped: 6} (will waste charges)
Press: ? - help, Shift-Dir - straight line The mass of ice explodes!
The iceblast engulfs something.
Evoking this partially-identified wand wasted a few charges.
Something hits you!
* * * LOW HITPOINT WARNING * * *
It was a potion of brilliance.
You feel clever all of a sudden. Something hits you!
You die...

#.. #.#
#######################
..###.....................#
..##.............{#######[#
..##..#.........@.......#.#
..##.....#.##...#...###.#.#
..##...###.##.#.#...###.#.#
.....O...................>#
#.#..#.###.##.#.#...###.###
#.#..#.#....#.#.#...# #.#
#.#..#.#.#.O#.#.#...# #.#
#.#..#.#.#..#.#.#...# #.#
.....#.#.#..#.#.#...# #.#


There were no monsters in sight!

Vanquished Creatures
  An ogre (D:5)
  2 bullfrog zombies (D:5)
  2 orc wizards
  An orc priest (D:3)
  A jelly (D:5)
  A gnoll shaman (D:4)
  An iguana (D:4)
  A worker ant (D:5)
  7 gnolls
  8 adders
  A shadow imp (D:5)
  An ooze (D:4)
  An adder zombie (D:5)
  2 worms
  2 dart slugs
  2 leopard geckos (D:3)
  6 orcs
  A ball python (D:3)
  A bat (D:1)
  2 giant cockroaches (D:3)
  5 goblins
  12 hobgoblins
  9 jackals
  6 frilled lizards
  5 kobolds
  A quokka skeleton (D:4)
  6 rats
88 creatures vanquished.

Notes
Turn   | Place    | Note
-------+----------+-------------------------------------------
     0 | Abyss:1  | dondy the Demonspawn Abyssal Knight began the quest for the Orb.
     0 | Abyss:1  | Reached XP level 1. HP: 18/18 MP: 2/2
     9 | Abyss:1  | Noticed a quasit
    12 | D:1      | Escaped the Abyss
    74 | D:1      | Reached skill level 2 in Long Blades
   180 | D:1      | Gained mutation: Your movements are slightly less encumbered by armour. (ER -2) [demonic ancestry]
   180 | D:1      | Reached XP level 2. HP: 22/24 MP: 3/3
   410 | D:1      | Reached * piety under Lugonu
   890 | D:2      | Gained mutation: You are immune to rotting. [demonic ancestry]
   890 | D:2      | Reached XP level 3. HP: 21/29 MP: 5/5
  1228 | D:2      | Reached skill level 3 in Long Blades
  2006 | D:3      | Reached XP level 4. HP: 16/35 MP: 6/6
  2554 | D:3      | Found a shimmering altar of Xom.
  2555 | D:3      | Found a shimmering altar of Xom.
  2555 | D:3      | Found a shimmering altar of Xom.
  2556 | D:3      | Found a shimmering altar of Xom.
  2673 | D:3      | Reached skill level 4 in Long Blades
  2693 | D:3      | Reached XP level 5. HP: 22/41 MP: 8/8
  2834 | D:3      | You fall through a shaft!
  3434 | D:3      | HP: 2/41 [gnoll/halberd (14)]
  3627 | D:3      | Reached ** piety under Lugonu
  3869 | D:5      | Entered Level 5 of the Dungeon
  4141 | D:5      | Reached skill level 5 in Invocations
  4161 | D:5      | Gained mutation: Your movements are less encumbered by armour. (ER -4) [demonic ancestry]
  4161 | D:5      | Reached XP level 6. HP: 44/47 MP: 9/9
  4301 | D:5      | Reached skill level 5 in Long Blades
  4366 | D:5      | Got a topaz-encrusted leather armour
  4377 | D:5      | Identified the +0 leather armour "Cegik" {-Cast rN+ Regen+ Int+4} (You found it on level 5 of the Dungeon)
  4389 | D:5      | Noticed Sigmund
  5045 | D:4      | Found a burning altar of Makhleb.
  5429 | D:5      | Reached skill level 6 in Long Blades
  5429 | D:5      | Gained mutation: You may emit foul miasma when damaged in melee. [demonic ancestry]
  5429 | D:5      | Reached XP level 7. HP: 52/52 MP: 11/11
  5476 | D:5      | Mangled by Sigmund

Vault maps used:
D:1:      grunt_arrival_lava_bath
D:3:      led_sif_book, first_bread, roderic_roman_lattice, grunt_ministairs_12,
          xom_redecorated
D:4:      lightli_temple_of_fire, corexii_corridor_pit
D:5:      uniq_sigmund
Abyss:1:  guppyfry_abyss_exit_glass_guarded

Skill      XL: |  1  2  3  4  5  6 |
---------------+-------------------+-----
Long Blades    | 2 3 4 6 |  6.0
Invocations    | 3 4 5 |  5.9
Fighting       | |  3.0
Armour         | |  1.8
Dodging        | |  0.8

Action                   |  1- 3 |  4- 6 |  7- 9 || total
-------------------------+-------+-------+-------++-------
Melee: Falchion          |   102 |   269 |     9 ||   380
Invok: Depart the Abyss  |     1 |       |       ||     1
Evoke: Wand              |       |     2 |     1 ||     3
  Use: Potion            |     3 |       |     1 ||     4
 Stab: Sleeping          |     1 |     3 |       ||     4
       Distracted        |       |     1 |       ||     1
  Eat: Chunk             |     2 |    13 |       ||    15
Armor: Leather armour    |    35 |    63 |     2 ||   100
Dodge: Dodged            |    54 |   144 |       ||   198
Block: Buckler           |     8 |    33 |       ||    41
       Rpst.: Falchion   |    24 |    40 |       ||    64
